 Dungeon Crawl Stone Soup version 0.25.1-2-g60ff931df9 (webtiles) character file.

Game seed: 12701692333659594991

59642 DogServant the Brawler (level 14, -5/116 HPs)
             Began as a Minotaur Transmuter on Oct 18, 2020.
             Was the Champion of Okawaru.
             Slain by a sixfirhy (9 damage)
             ... summoned by an orc sorcerer
             ... on level 2 of the Orcish Mines.
             The game lasted 00:46:30 (24057 turns).

DogServant the Brawler (Minotaur Transmuter)       Turns: 24057, Time: 00:46:31

Health: -5/116     AC: 17    Str: 34    XL:     14   Next: 53%
Magic:  4/7        EV: 14    Int:  7    God:    Okawaru [******]
Gold:   1910       SH:  0    Dex: 14    Spells: 10/18 levels left

rFire    + . .     SeeInvis .     - Unarmed
rCold    . . .     Gourm    .   (no shield)
rNeg     . . .     Faith    .   H - +3 ring mail
rPois    .         Spirit   .   U - +0 hat of the Bull {rF+ MR+ MP-9 Str+5}
rElec    .         Reflect  .   k - +1 cloak
rCorr    .         Harm     .   r - +1 pair of gloves
MR       ++...                  Q - +0 pair of boots of a Gauntlet {Str+4 Int-2 Dex+3}
Stlth    +.........             v - amulet of regeneration
HPRegen  0.69/turn              F - +6 ring of strength
MPRegen  0.10/turn              A - +4 ring of slaying

@: about to teleport, berserk cooldown, very slightly contaminated, slowed, very
slow
A: retaliatory headbutt, horns 2, dopey 1
a: Heroism, Finesse, Renounce Religion


You were on level 2 of the Orcish Mines.
You worshipped Okawaru.
Okawaru was exalted by your worship.
You were not hungry.

You visited 4 branches of the dungeon, and saw 21 of its levels.
You also visited: Ossuary.

You collected 2192 gold pieces.
You spent 282 gold pieces at shops.

Inventory:

Missiles
 a - 492 arrows
 X - 8 javelins (quivered)
Armour
 k - a +1 cloak (worn)
 n - a +2 chain mail of cold resistance
 r - a +1 pair of gloves (worn)
 H - a +3 ring mail (worn)
 I - a +1 scale mail of fire resistance
 Q - the +0 pair of boots of a Gauntlet (worn) {Str+4 Int-2 Dex+3}
   (You found it on level 2 of the Lair of Beasts)

   It affects your strength (+4).
   It affects your intelligence (-2).
   It affects your dexterity (+3).
 U - the +0 hat of the Bull (worn) {rF+ MR+ MP-9 Str+5}
   (You acquired it on level 3 of the Lair of Beasts)

   It affects your strength (+5).
   It protects you from fire.
   It affects your resistance to hostile enchantments.
   It affects your magic capacity (-9).
Magical Staves
 W - an uncursed staff of wizardry
Jewellery
 f - a +4 ring of protection
 v - an amulet of regeneration (around neck)
 A - a +4 ring of slaying (right hand)
 F - a +6 ring of strength (left hand)
 T - an uncursed ring of protection from fire
 Y - a +4 ring of slaying
Wands
 h - a wand of flame (21)
 j - a wand of iceblast (8)
 o - a wand of acid (17)
 G - a wand of clouds (3)
 M - a wand of polymorph (5)
 O - a wand of digging (4)
 R - a wand of disintegration (10)
 V - a wand of enslavement (5)
Scrolls
 i - 8 scrolls of remove curse
 u - a scroll of fear
 y - a scroll of blinking
 B - 2 scrolls of amnesia
 C - 7 scrolls of teleportation
 D - 3 scrolls of magic mapping
 J - a scroll of brand weapon
 L - 3 scrolls of fog
 N - a scroll of summoning
 P - a scroll of enchant weapon
 Z - a scroll of identify
Potions
 b - 2 potions of haste
 e - 2 potions of heal wounds
 g - a potion of brilliance
 l - 5 potions of curing
 m - a potion of lignification
 q - 3 potions of might
 s - 4 potions of flight
 t - 4 potions of invisibility
 w - 3 potions of magic
 x - 2 potions of mutation
 z - 4 potions of ambrosia
 E - 3 potions of stabbing
 K - a potion of resistance {unknown}
 S - a potion of cancellation {unknown}
Comestibles
 d - 25 rations
 p - 5 chunks of flesh


   Skills:
 + Level 8.5 Fighting
 - Level 12.9 Armour
 + Level 5.7 Dodging
 + Level 16.0 Unarmed Combat
 + Level 2.5 Spellcasting
 - Level 12.3 Transmutations
 + Level 4.8 Invocations
 + Level 2.0 Evocations


You had 10 spell levels left.
You knew the following spells:

 Your Spells              Type           Power        Failure   Level  Hunger
a - Beastly Appendage     Tmut           ###...       1%          1    ##.....
b - Blade Hands           Tmut           ###.......   9%          5    ######.
c - Sticks to Snakes      Tmut           ###.....     1%          2    ###....

Your spell library contained the following spells:

 Spells                   Type           Power        Failure   Level  Hunger
 Sting                    Tmut/Pois      #...         3%          1    ##.....
 Spider Form              Tmut/Pois      #.........   11%         3    ####...
 Ignite Poison            Fire/Tmut/Pois #.......     26%         3    ####...
 Ice Form                 Ice/Tmut       #.......     36%         4    #####..
 Summon Butterflies       Summ           #.......     43%         1    ##.....
 Summon Small Mammal      Summ           #...         43%         1    ##.....
 Call Imp                 Summ           #.......     56%         2    ###....
 Poisonous Vapours        Pois/Air       #.....       56%         2    ###....
 Call Canine Familiar     Summ           #.......     80%         3    ####...
 Mephitic Cloud           Conj/Pois/Air  #.......     80%         3    ####...
 Static Discharge         Conj/Air       #.......     80%         3    ####...
 Summon Guardian Golem    Hex/Summ       #.......     80%         3    ####...
 Olgreb's Toxic Radiance  Pois           #.......     99%         4    #####..
 Summon Ice Beast         Ice/Summ       #.......     99%         4    #####..
 Summon Lightning Spire   Summ/Air       #.......     99%         4    #####..
 Lightning Bolt           Conj/Air       #.........   100%        5    ######.
 Summon Mana Viper        Hex/Summ       #.......     100%        5    ######.
 Summon Hydra             Summ           #.........   100%        7    #######
 Ignition                 Fire           #.........   100%        8    #######
 Shatter                  Erth           #.........   100%        9    #######
 Tornado                  Air            #.........   100%        9    #######


Dungeon Overview and Level Annotations

Branches:
Dungeon (12/15)            Temple (1/1) D:4            Lair (6/6) D:10
 Shoals (0/4) Lair:2        Snake (0/4) Lair:4        Slime (0/5) Lair:6
    Orc (2/2) D:10        Ossuary (visited)
    Elf: Orc:2

Altars:
Ashenzari
Cheibriados
Dithmenos
Elyvilon
Fedhas
Gozag
Hepliaklqana
Kikubaaqudgha
Makhleb
Nemelex Xobeh
Okawaru
Qazlal
Ru
Sif Muna
Trog
Uskayaw
Vehumet
Wu Jian
Xom
Yredelemnul
Zin
The Shining One
Beogh

Shops:
D:6 *   D:11 *

Annotations:
D:7 2 transporters, Exodus22XD's ghost, novice HuBe
D:11 3 runed translucent doors, weresquid's ghost, journeyman TeCj
Lair:6 exclusion: 2 oklob plants


Innate Abilities, Weirdness & Mutations

You reflexively headbutt those who attack you in melee.
You have a pair of horns on your head.
You are dopey. (Int -2)


Message History

Okay, then.
The orc high priest calls down the wrath of Beogh upon you.
Beogh smites you!
* * * LOW HITPOINT WARNING * * *
Okay, then.
Okay, then.
As you read the scroll of teleportation, it crumbles to dust.
You feel strangely unstable.
The orc wizard no longer looks unusually strong.
The orc wizard mumbles some strange words.
The orc wizard blinks!
The orc high priest intones a terrible prayer.
The sixfirhy hits you!
* * * LOW HITPOINT WARNING * * *
The sixfirhy shocks you!
* * * LOW HITPOINT WARNING * * *
The sixfirhy hits you.
* * * LOW HITPOINT WARNING * * *
The sixfirhy shocks you!
You die...

##.......###...o).o.oo...
##..)....###...oo).ooo3..
##.........###ยง4).#.oo....
###............#4o).##.#o..o
##......##......).))##
.#.... #.......####.).3)[###
## ### #.......####.))..##
#.#.....##...3).##
###.....##..@.).#
#......#.....##
#####.......## #........##
###......# #.......#
#.......# ........#
......#....


You could see a sun demon (summoned), a hellwing (summoned), a sixfirhy
(summoned), a chaos spawn (summoned), an orc warrior (strong) and an orc wizard.

Vanquished Creatures
  4 hydras
  3 catoblepae (Lair:6)
  6 death yaks (Lair:6)
  An orc high priest (Orc:2)
  A fire crab (Lair:6)
  3 orc knights
  3 orc sorcerers
  An oklob plant (Orc:1)
  3 manticores
  A deep elf mage (D:12)
  7 elephants (Lair:5)
  5 black mambas
  10 spiny frogs
  9 komodo dragons
  3 rime drakes
  6 trolls
  A merfolk (Lair:2)
  A polar bear (Lair:4)
  10 blink frogs
  8 hippogriffs
  25 dream sheep
  A spriggan (D:8)
  A vampire (D:10)
  A wraith (D:12)
  57 yaks
  3 fire bats (Lair:6)
  Eustachio (D:4)
  6 basilisks
  A steam dragon (D:12)
  4 nagas (Lair:4)
  10 water moccasins
  2 wargs
  18 porcupines
  3 ice beasts
  4 black bears
  A necrophage (D:7)
  11 ogres
  16 orc warriors
  2 phantoms
  2 sky beasts
  20 wolves
  16 centaurs
  13 crocodiles
  16 bullfrogs
  10 scorpions (Ossuary)
  5 killer bees (D:8)
  4 wights (D:10)
  An electric eel (Lair:6)
  8 howler monkeys
  A bullfrog zombie (D:12)
  7 crimson imps
  3 centaur zombies (Ossuary)
  6 hounds
  A jelly (D:10)
  2 lava snakes (D:12)
  A quasit (D:10)
  Crazy Yiuf (D:2)
  3 centaur skeletons
  A gnoll shaman (D:8)
  14 orc priests
  2 bullfrog skeletons
  20 orc wizards
  Ijyb (D:3)
  4 iguanas
  7 worker ants
  2 big kobold zombies (Ossuary)
  A hound zombie (D:11)
  2 hound skeletons
  4 mummies
  2 worker ant zombies
  2 howler monkey skeletons
  4 gnolls (D:8)
  2 scorpion zombies (Ossuary)
  15 adders
  3 river rats (D:3)
  A shadow imp (D:9)
  An ooze (D:3)
  4 adder zombies
  An adder skeleton (D:9)
  4 worms
  6 leopard geckos
  74 orcs
  6 giant cockroaches
  7 hobgoblins
  10 jackals
  2 kobolds
  4 quokkas
  A ball python (D:2)
  6 bats
  4 frilled lizards
  2 gnoll zombies (Ossuary)
  8 goblins
  4 goblin zombies (Ossuary)
  A hobgoblin zombie (Ossuary)
  A jackal skeleton (D:4)
  3 orc zombies
  A quokka zombie (D:5)
  6 rats
  A plant (Lair:6)
617 creatures vanquished.

Vanquished Creatures (collateral kills)
  A blink frog (Lair:6)
  A crimson imp (D:9)
  An orc (D:9)
3 creatures vanquished.

Vanquished Creatures (others)
  3 fungi
  5 plants
8 creatures vanquished.

Grand Total: 628 creatures vanquished

Notes
Turn   | Place    | Note
-------+----------+-------------------------------------------
     0 | D:1      | DogServant the Minotaur Transmuter began the quest for the
                  | Orb.
     0 | D:1      | Reached XP level 1. HP: 16/16 MP: 1/1
   145 | D:1      | You fall into a shaft and drop 1 floor!
   318 | D:2      | Reached XP level 2. HP: 24/24 MP: 0/3
   401 | D:2      | Reached skill level 1 in Armour
   912 | D:2      | Reached XP level 3. HP: 29/29 MP: 4/4
   940 | D:2      | Found a runed translucent door.
   941 | D:2      | Noticed Crazy Yiuf
  1035 | D:2      | Killed Crazy Yiuf
  1035 | D:2      | Reached skill level 4 in Unarmed Combat
  1283 | D:3      | Reached XP level 4. HP: 33/36 MP: 3/5
  1289 | D:3      | Reached skill level 5 in Unarmed Combat
  1387 | D:3      | Noticed Ijyb
  1401 | D:3      | Killed Ijyb
  1401 | D:3      | Reached XP level 5. HP: 7/41 MP: 3/6
  1900 | D:3      | Reached skill level 6 in Unarmed Combat
  2206 | D:3      | Found a faded altar of an unknown god.
  2952 | D:4      | Reached XP level 6. HP: 35/48 MP: 5/7
  3450 | D:4      | Noticed Eustachio
  3469 | D:4      | Killed Eustachio
  3469 | D:4      | Reached skill level 7 in Unarmed Combat
  3643 | D:4      | Reached XP level 7. HP: 55/55 MP: 6/8
  3724 | D:4      | Found a staircase to the Ecumenical Temple.
  3747 | Temple   | Entered the Ecumenical Temple
  3807 | Temple   | Became a worshipper of Warmaster Okawaru
  4225 | D:4      | Found a bloodstained altar of Trog.
  4447 | D:5      | Entered Level 5 of the Dungeon
  4568 | D:5      | Found a radiant altar of Vehumet.
  4577 | D:5      | Found a hide-covered altar of Uskayaw.
  4577 | D:5      | Found a sacrificial altar of Ru.
  4577 | D:5      | Found a glowing golden altar of the Shining One.
  4636 | D:5      | Reached skill level 8 in Unarmed Combat
  5191 | D:5      | Found a glowing silver altar of Zin.
  5461 | D:6      | Found Athrav's General Store.
  5498 | D:6      | Bought a scroll of enchant armour for 97 gold pieces
  5505 | D:6      | Reached * piety under Okawaru
  5515 | D:6      | Learned a level 5 spell: Blade Hands
  5518 | D:6      | Learned a level 2 spell: Sticks to Snakes
  5712 | D:6      | Found an iron altar of Okawaru.
  5723 | D:6      | Reached XP level 8. HP: 55/61 MP: 7/9
  5781 | D:6      | Found a sparkling altar of Nemelex Xobeh.
  5781 | D:6      | Found an opulent altar of Gozag.
  5906 | D:6      | Reached skill level 5 in Transmutations
  5980 | D:6      | Reached skill level 9 in Unarmed Combat
  6270 | D:6      | Found a burning altar of Makhleb.
  6442 | D:7      | Reached ** piety under Okawaru
  6628 | D:7      | Found a sand-covered staircase.
  6633 | Ossuary  | Entered an ossuary
  6872 | Ossuary  | Reached skill level 10 in Unarmed Combat
  7275 | Ossuary  | Reached XP level 9. HP: 63/67 MP: 8/10
  8201 | D:7      | Noticed a queen bee
  8211 | D:7      | Noticed Exodus22XD's ghost (novice HuBe)
  8221 | D:7      | Found a transporter.
  8225 | D:7      | Found a transporter.
  8239 | D:7      | Reached *** piety under Okawaru
  9122 | D:8      | Reached skill level 1 in Invocations
  9417 | D:8      | Reached **** piety under Okawaru
 10115 | D:9      | Reached XP level 10. HP: 79/79 MP: 7/11
 10487 | D:9      | Reached skill level 5 in Fighting
 10502 | D:9      | Reached ***** piety under Okawaru
 10545 | D:9      | Reached skill level 5 in Dodging
 10590 | D:9      | Found a hazy altar of Hepliaklqana.
 11003 | D:10     | Entered Level 10 of the Dungeon
 11200 | D:10     | Found a staircase to the Orcish Mines.
 11236 | D:10     | Reached skill level 11 in Unarmed Combat
 11436 | D:10     | Found a staircase to the Lair.
 11720 | D:10     | Reached XP level 11. HP: 70/89 MP: 13/13
 12373 | D:11     | Found a stormy altar of Qazlal.
 12384 | D:11     | Found a gate leading to a gauntlet.
 12470 | D:11     | Found a runed translucent gate.
 12470 | D:11     | Found a runed translucent gate.
 12470 | D:11     | Found a runed translucent gate.
 12471 | D:11     | Noticed weresquid's ghost (journeyman TeCj)
 12621 | D:11     | Found Vadaonwi's Assorted Antiques.
 12639 | D:11     | Bought a heavily runed graven amulet for 185 gold pieces
 12641 | D:11     | Identified the amulet of Truth {Acrobat Stlth+} (You bought
                  | it in a shop on level 11 of the Dungeon)
 12686 | D:11     | Noticed a cyan ugly thing
 12718 | D:11     | Received a gift from Okawaru
 12771 | D:11     | Reached ****** piety under Okawaru
 13458 | D:12     | Reached skill level 12 in Unarmed Combat
 13573 | D:12     | Reached skill level 10 in Transmutations
 13881 | D:12     | Noticed a deep elf mage
 13888 | D:12     | Noticed a soul eater
 13890 | D:12     | Killed a deep elf mage
 14477 | Lair:1   | Entered Level 1 of the Lair of Beasts
 15191 | Lair:1   | Reached skill level 5 in Armour
 15768 | Lair:2   | Reached XP level 12. HP: 46/100 MP: 3/14
 16185 | Lair:2   | Received a gift from Okawaru
 16343 | Lair:2   | Found a staircase to the Shoals.
 16868 | Lair:2   | Got a pair of blackened boots
 16874 | Lair:2   | Identified the cursed +0 pair of boots of a Gauntlet {Str+4
                  | Int-2 Dex+3} (You found it on level 2 of the Lair of
                  | Beasts)
 17084 | Lair:2   | Noticed a four-headed hydra
 17090 | Lair:2   | Killed a four-headed hydra
 17776 | Lair:3   | Received a gift from Okawaru
 17964 | Lair:3   | Identified a scroll of acquirement
 17964 | Lair:3   | Acquired the +0 hat of the Bull {rF+ MR+ MP-9 Str+5}
 18772 | Lair:4   | Found a staircase to the Snake Pit.
 18855 | Lair:4   | Received a gift from Okawaru
 18866 | Lair:4   | Reached skill level 13 in Unarmed Combat
 19530 | Lair:5   | Received a gift from Okawaru
 19530 | Lair:5   | Reached XP level 13. HP: 35/107 MP: 1/15
 20093 | Lair:5   | Reached skill level 14 in Unarmed Combat
 20581 | Lair:6   | Entered Level 6 of the Lair of Beasts
 20592 | Lair:6   | Reached skill level 10 in Armour
 20662 | Lair:6   | Received a gift from Okawaru
 21213 | Lair:6   | Reached skill level 15 in Unarmed Combat
 21279 | Lair:6   | Received a gift from Okawaru
 21755 | Lair:6   | Reached XP level 14. HP: 108/115 MP: 4/16
 21774 | Lair:6   | Received a gift from Okawaru
 22376 | Lair:6   | Found a staircase to the Slime Pits.
 23104 | Orc:1    | Entered Level 1 of the Orcish Mines
 23109 | Orc:1    | Found a roughly hewn altar of Beogh.
 23230 | Orc:1    | Reached skill level 1 in Evocations
 23715 | Orc:2    | Entered Level 2 of the Orcish Mines
 24019 | Orc:2    | Received a gift from Okawaru
 24037 | Orc:2    | Reached skill level 16 in Unarmed Combat
 24039 | Orc:2    | Noticed an orc warlord
 24048 | Orc:2    | Gained mutation: You are dopey. (Int -2) [a neqoxec]
 24057 | Orc:2    | HP: 4/116 [sixfirhy[an orc sorcerer] (3)]
 24057 | Orc:2    | Slain by a sixfirhy

Illustrated notes

Levels and vault maps discovered:
D:1:      scummos_arrival_gate, layout_rooms, minmay_misc_feat_square,
          minmay_unequal
D:2:      layout_loops_ring, first_ration, minivault_23, uniq_crazy_yiuf_cottage
D:3:      layout_basic, portal_sewer_entry_e, chequers_ecumenical_altar_twisty,
          uniq_ijyb
D:4:      layout_loops_corners, kennysheep_mini, minmay_temple_entry_overgrown,
          uniq_eustachio
D:5:      layout_basic, kennysheep_mini_moat, grunt_temple_overflow_open
D:6:      layout_loops_ring, grunt_temple_overflow_opulence,
          lightli_temple_of_fire, serial_shops, shop_statue, okawaru_gym_becter
D:7:      layout_basic, gammafunk_ghost_hive, nicolae_ossuary_entry_giza
D:8:      layout_gridville, the_bakery
D:9:      layout_roguey [special_room_orc], lemuel_crystal_altar
D:10:     layout_irregular_city, due_lair_maze_entry_diamond
D:11:     layout_long_grid, serial_shops, shop, gammafunk_ghost_necromancy,
          gauntlet_entry_generic, basic_altar
D:12:     layout_long_grid, kennysheep_cross_room
Temple:   minmay_temple_bridge_abc
Lair:1:   layout_loops_ring, beast_lair_carwin_3, grunt_megastairs_2, uniq_urug
Lair:2:   layout_gridlike, elwin_shoals_entry_rooms, st_stairs_8,
          beast_lair_carwin_1, lemuel_fruit_tree
Lair:3:   layout_regular_city
Lair:4:   layout_roguey, minmay_snake_entry_guardpost_small
Lair:5:   beast_lair_carwin_large_2, layout_misc_corridors,
          kennysheep_basilisk_garden, uniq_rupert
Lair:6:   evilmike_catoblepas_cave, layout_hall_layers,
          minmay_slime_entry_oklob_open, nicolae_volcano_entry_batcave,
          serial_bayou_shore_a, grunt_megastairs_3
Orc:1:    layout_caves, basic_altar, mines3_lemuel
Orc:2:    st_orc_congregation, layout_diamond_mine, elves_outpost_lemuel

Skill      XL: |  1  2  3  4  5  6  7  8  9 10 11 12 13 14 |
---------------+-------------------------------------------+-----
Armour         | 1 2 5 8 12 | 12.9
Fighting       | 2 4 6 7 8 |  8.5
Unarmed Combat | 4 5 6 7 8 10 11 12 13 15 16 | 16.0
Transmutations | 2 3 4 6 7 9 11 12 | 12.3
Invocations    | 3 4 |  4.8
Dodging        | 3 5 |  5.7
Spellcasting   | 2 |  2.5
Evocations     | 2 |  2.0

Action                   |  1- 3 |  4- 6 |  7- 9 | 10-12 | 13-15 || total
-------------------------+-------+-------+-------+-------+-------++-------
Melee: Unarmed           |    69 |   128 |   364 |   580 |   373 ||  1514
       Kick              |    12 |    23 |   106 |   103 |       ||   244
       Headbutt          |     5 |    18 |    73 |   121 |   101 ||   318
       Punch             |       |     5 |    16 |    32 |    44 ||    97
 Cast: Beastly Appendage |    13 |    23 |    61 |    37 |       ||   134
       Sticks to Snakes  |       |       |     3 |    19 |    14 ||    36
       Blade Hands       |       |       |       |    29 |    16 ||    45
Invok: Heroism           |       |       |       |     1 |     6 ||     7
Evoke: Wand              |       |     2 |       |     1 |     4 ||     7
  Use: Potion            |       |     1 |     1 |     3 |     1 ||     6
       Scroll            |       |     5 |    15 |    14 |     6 ||    40
 Stab: Sleeping          |       |     1 |     4 |       |       ||     5
       Distracted        |       |       |       |     1 |       ||     1
  Eat: Chunk             |     2 |     8 |    20 |    37 |    16 ||    83
       Ration            |       |       |     1 |     2 |     2 ||     5
Armor: Leather armour    |    16 |    32 |    97 |   131 |       ||   276
       Robe              |     5 |       |       |       |       ||     5
       Ring mail         |       |       |       |    40 |   120 ||   160
Dodge: Dodged            |    52 |    68 |   171 |   328 |   224 ||   843
